[Event "CCT Chessable Masters D-II 2024"]
[Site "Online"]
[Date "2024.02.05"]
[Round "4"]
[White "Keymer, Vincent"]
[Black "LevonAronian"]
[Result "1/2-1/2"]
[ECO "E61"]
[WhiteElo "2743"]
[BlackElo "2777"]
[Annotator "TA"]
[PlyCount "129"]
[EventDate "2024.01.12"]
[EventType "k.o."]
[EventCountry "NET"]
[SourceTitle "playchess.com"]
[Source "ChessBase"]
[SourceQuality "1"]
[TimeControl "600+2"]

1. d4 Nf6 2. c4 g6 3. g3 Bg7 4. Bg2 O-O 5. Nc3 Nc6 6. e3 d6 7. Nge2 e5 8. O-O exd4 9. exd4 Bd7 10. h3 a6 11. Bg5 h6 12. Be3 Rb8 13. Qd2 Kh7 14. Rac1 Ne7 15. g4 b5 16. b3 b4 17. Nd1 d5 18. Ng3 Bc6 19. f3 Nd7 20. Nf2 Re8 21. Nd3 a5 22. Bf2 Nf8 23. Ne5 (23. Nf4 {simplifies} Kg8 24. Rfe1 Qd6 25. h4) 23... dxc4 24. Nxc6 c3 $1 25. Nxd8 (25. Qxc3 {simplifies} bxc3 26. Nxd8 Rbxd8 27. Rxc3 Nd5 28. Rc4) 25... cxd2 26. Rc4 Rbxd8 27. Rd1 $1 Ne6 28. Rxd2 c5 29. Ne2 Rd7 (29... cxd4 $17 {Hoping for ...Nd5.} 30. f4 Nd5) 30. f4 $1 $11 Red8 31. d5 (31. f5 $11 gxf5 (31... Nxd4 32. Kf1 $11) 32. gxf5 Nxd4 (32... Nxf5 33. Be4 $16) 33. Kf1 (33. Rxc5 $2 Nf3+ 34. Bxf3 Rxd2 $19)) 31... Nxd5 $17 32. f5 $1 gxf5 33. gxf5 Nd4 34. Rxc5 Nxe2+ 35. Rxe2 Nf4 36. Re4 Rd1+ 37. Kh2 Nd3 38. Rc2 Nxf2 39. Rxf2 Bd4 40. Rfe2 Bc5 41. h4 $2 (41. Bf3 $15) 41... Rg8 $2 ({Weaker is} 41... R8d3 42. Re1 $17) (41... Bd6+ $1 $19 {and Black stays clearly on top.} 42. Kh3 Rg8) 42. Re1 $17 Bd6+ 43. Kh1 Rd2 44. R1e2 Rd1+ 45. Re1 Rxe1+ 46. Rxe1 Kg7 47. Rd1 Bg3 48. Rd4 (48. Rd5 $11) 48... Kf6 $17 49. Bf3 Rc8 50. Kg2 Be5 51. Rc4 (51. Rd7 $17) 51... Rxc4 $19 52. bxc4 a4 ({Don't take} 52... Kxf5 53. c5) 53. Be4 Bd4 54. Bc2 a3 (54... b3 $1 $17 55. axb3 a3) 55. Kf3 {[%emt 0:00:01] [#]} Ke5 (55... h5 $1 $17) 56. h5 (56. Kg4 $5) 56... Bc5 57. Ke2 (57. Kg4 $15) 57... Kd4 (57... Kf4 $17 58. f6 Kg4) 58. Bb3 (58. Kf3 $15) 58... Be7 ({Better is} 58... Ke4 $17 59. Bc2+ Kf4) 59. c5 Bxc5 60. Bxf7 Ke5 61. Be6 {[%emt 0:00:01] [#]} b3 ({Black should try} 61... Kf6 $1 $15) 62. Bxb3 $11 Kxf5 63. Kd3 Be7 64. Bd1 Bf8 65. Kc4 1/2-1/2

[Event "CCT Chessable Masters D-II 2024"]
[Site "Online"]
[Date "2024.02.06"]
[Round "5"]
[White "LevonAronian"]
[Black "Keymer, Vincent"]
[Result "1/2-1/2"]
[ECO "C54"]
[WhiteElo "2758"]
[BlackElo "2743"]
[Annotator "TA"]
[PlyCount "53"]
[EventDate "2024.01.12"]
[EventType "k.o."]
[EventCountry "NET"]
[SourceTitle "playchess.com"]
[Source "ChessBase"]
[SourceQuality "1"]
[TimeControl "600+2"]

1. e4 e5 2. Nf3 Nc6 3. Bc4 Nf6 4. d3 Bc5 5. O-O a6 6. c3 Ba7 7. Re1 O-O 8. h3 d6 9. Bb3 h6 10. Nbd2 Be6 11. Nf1 d5 12. exd5 Nxd5 13. N1h2 Qd6 {[%emt 0:00:17] The position is equal.} 14. Ng4 Bxg4 15. hxg4 Nf6 16. Nh4 {[%emt 0:00:14] Hoping for Nf5.} Rad8 17. Be3 Bxe3 $1 18. Rxe3 Nd5 19. Re4 (19. Bxd5 {simplifies} Qxd5 20. a3 a5 21. Qc2) 19... g6 20. Qf3 Kg7 21. Rae1 (21. Qg3 {simplifies} Qd7 22. Bxd5 Qxd5 23. Re3) 21... Nf6 22. R4e3 Qd7 23. Bd1 Nd5 24. Re4 Nf6 25. R4e3 Nd5 26. Re4 Nf6 27. R4e3 {[%emt 0:00:01] An uneventful encounter.   Weighted Error Value: White=0.06 (flawless) /Black=0.03 (flawless) .  Inaccurate:     	White=2     	---        OK:         	White=8     	Black=7      Best:        	White=2     	Black=1      Strong:       	---       	Black=1} 1/2-1/2

[Event "CCT Chessable Masters D-II 2024"]
[Site "Online"]
[Date "2024.02.06"]
[Round "5"]
[White "Keymer, Vincent"]
[Black "LevonAronian"]
[Result "1-0"]
[ECO "E61"]
[WhiteElo "2743"]
[BlackElo "2766"]
[Annotator "TA"]
[PlyCount "71"]
[EventDate "2024.01.12"]
[EventType "k.o."]
[EventCountry "NET"]
[SourceTitle "playchess.com"]
[Source "ChessBase"]
[SourceQuality "1"]
[TimeControl "600+2"]

1. d4 Nf6 2. c4 g6 3. g3 Bg7 4. Bg2 O-O 5. Nc3 Nc6 6. f4 d6 7. Nf3 Na5 8. b3 {[%emt 0:00:05] The position is equal.} c5 9. Bb2 Ng4 10. Qd2 {[%emt 0:00:04] Prevents Ne3.} Nc6 (10... cxd4 $1 $11 11. Nxd4 e5) 11. d5 $16 Nd4 12. O-O Bd7 13. h3 Nh6 14. e4 a6 15. g4 {[%emt 0:00:14] Hoping for g5. White stays focused until the end.} Kh8 (15... Nxf3+ $16 16. Rxf3 (16. Bxf3 e5 $14) 16... Bd4+ 17. Kh2 f6) 16. e5 $18 b5 (16... Nxf3+ $142 17. Rxf3 b5) 17. Nxd4 cxd4 18. Ne4 (18. Qxd4 $6 bxc4 19. bxc4 f5 $18) 18... bxc4 19. bxc4 (19. Bxd4 cxb3 20. axb3 Bb5 $18) 19... Rc8 20. Rac1 (20. Bxd4 Rxc4 21. Rac1 dxe5 22. fxe5 (22. Rxc4 exd4 23. Rb4 f5 $16) 22... Bb5 $16) (20. Qxd4 f5) 20... Ng8 21. Bxd4 f5 22. Ng5 h6 23. e6 hxg5 (23... Be8 {was worth a try.} 24. Nf3 Bxd4+ 25. Qxd4+ (25. Nxd4 Qb6 $18) 25... Kh7) 24. Bxg7+ ({Resist} 24. exd7 Qxd7 25. fxg5 e6 26. dxe6 (26. Bxg7+ Qxg7 27. gxf5 Rxf5 $18) 26... Qxe6 27. gxf5 Rxf5 $18) 24... Kxg7 25. Qd4+ Kh7 26. fxg5 Be8 $2 (26... Bxe6 27. dxe6 Qa5) 27. Rf4 {[%emt 0:00:16] [#] aiming for gxf5.} Qa5 28. gxf5 {[%emt 0:00:19] Rh4+ would kill now.} gxf5 29. Kh1 (29. Rh4+ $142 Kg6 30. Qh8 (30. Rh8 $2 Qc5 $19) 30... Kxg5 31. Rf1 Qc5+ 32. Kh2 Qxc4 33. Rxc4 Rxc4 34. Qg7+ Bg6 35. Qxf8) 29... Nf6 30. Rxf5 Bg6 31. gxf6 Bxf5 32. Qh4+ {[%emt 0:00:01] White mates.} Kg6 33. Be4 Qc5 34. Qg4+ Kh6 35. Bxf5 Qxd5+ 36. cxd5 {[%emt 0:00:04] Weighted Error Value: White=0.14 (very precise) /Black=0.52.  Mistake:       	---       	Black=5      Inaccurate:     	White=1     	Black=4      OK:         	White=12    	Black=5      Best:        	White=2     	Black=1} 1-0

[Event "CCT Chessable Masters D-II 2024"]
[Site "Online"]
[Date "2024.02.06"]
[Round "6"]
[White "LevonAronian"]
[Black "Keymer, Vincent"]
[Result "0-1"]
[ECO "C54"]
[WhiteElo "2750"]
[BlackElo "2743"]
[Annotator "TA"]
[PlyCount "64"]
[EventDate "2024.01.12"]
[EventType "k.o."]
[EventCountry "NET"]
[SourceTitle "playchess.com"]
[Source "ChessBase"]
[SourceQuality "1"]
[TimeControl "600+2"]

1. e4 e5 2. Nf3 Nc6 3. Bc4 Nf6 4. d3 Bc5 5. O-O a6 6. c3 Ba7 7. Bb3 d6 8. Re1 O-O 9. Nbd2 h6 10. Nf1 Be6 {[%emt 0:00:13] C54: Giuoco Piano: 4 c3 Nf6, main lines with 5 d4 and 5 d3.} 11. Bxe6 fxe6 12. Be3 Bxe3 13. Rxe3 d5 $5 $146 {[%emt 0:01:22][%mdl 8] New and interesting.} ({Predecessor:} 13... Ne7 14. h3 Ng6 15. g3 Qd7 16. N1h2 Rf7 17. Qb3 b6 18. Rf1 Raf8 19. h4 a5 {½-½ Inarkiev,E (2686)-Vitiugov,N (2740) RUS-chT 25th 2018 (2.2)}) 14. Qb3 Qd6 15. Rae1 (15. Qxb7 $2 Rfb8 $19) 15... d4 16. cxd4 exd4 17. R3e2 Nh5 18. Rc2 {[%emt 0:00:47] [#]} (18. Qxb7 $2 Rfb8 $19) (18. Rc1 $11) 18... Rxf3 ({Better is} 18... Nb4 $1 $15 19. Rc4 c5) 19. Qxb7 $1 $11 (19. gxf3 Ne5 20. Ng3 (20. Qxb7 $2 Nxf3+ 21. Kh1 Rf8 $19) 20... Nxg3 (20... Nxf3+ $2 21. Kf1 $19) 21. hxg3 Nxf3+ 22. Kf1 Nxe1 23. Kxe1 b6 $16) 19... Nb4 $1 20. gxf3 (20. Qxa8+ Rf8 21. e5 Qb6 $19 (21... Rxa8 $2 22. exd6 Nxc2 23. Rc1 $19)) 20... Qf8 $1 21. Rxc7 Rb8 22. Qa7 Nxd3 23. Rd1 Ne5 24. Rdc1 (24. Qxd4 $2 Nxf3+ 25. Kg2 Nxd4 $19) (24. Rxd4 Rxb2 (24... Nxf3+ $2 25. Kg2 $19) 25. Qc5 (25. Qxa6 $2 Kh7 $19) 25... Qxf3 (25... Nxf3+ $2 26. Kh1 $19) 26. Rd8+ (26. Qxe5 $2 Qxf2+ 27. Kh1 Qxf1#) 26... Kh7 $19) 24... Kh7 25. Qc5 $2 (25. Qxd4 Nxf3+ 26. Kh1 Nxd4 27. Ne3 Qf3+ (27... Rxb2 28. Nf5 Nxf5 29. exf5 Qxf5 30. Rxg7+ Kxg7 31. Rc7+ Kf6 32. h4 Qh3+ 33. Kg1 Rb1+ 34. Rc1 Rxc1#) 28. Ng2 Nf4 (28... Rxb2 29. Rf7 Qxf7 30. Rf1 Rxf2 31. Nh4 Rxf1+ 32. Kg2 Qf4 33. Kh3 Qg5 34. Ng2 Rf3#) (28... Rxb2 29. Rf7 Qxf7 30. Rf1 Rxf2 31. Nh4 Rxf1+ 32. Kg2 Qf4 33. Kh3 Qg5 34. Ng2 Rf3#)) (25. Ng3 $1 $11 {and White has nothing to worry.} Nxf3+ (25... Nf4 26. Rxg7+ Qxg7 27. Rc7 $11) 26. Kg2 Nh4+ 27. Kf1) 25... Qf6 $2 (25... Nxf3+ 26. Kh1 Ng5 27. Qxf8 (27. Qxd4 $2 Qf3+ 28. Kg1 Nh3#) 27... Rxf8 28. Rd7 Rxf2 29. Rxd4 $17) (25... Qf4 $19 {has better winning chances.} 26. Ng3 Rb5 (26... Nxf3+ 27. Kg2 $11) 27. Nxh5 Qg5+ (27... Nxf3+ $2 28. Kg2 $18) 28. Ng3 Rxc5 (28... Nxf3+ $2 29. Kf1 $19) 29. R7xc5 Nxf3+ 30. Kf1 Qg4 (30... Nxh2+ 31. Kg2 $11)) 26. Ng3 $2 (26. Qe7 $17 Qf4 (26... Nxf3+ $2 27. Kh1 $19) (26... Qxf3 27. Qxe6 Nd3 28. Qf5+ Qxf5 29. exf5 $19) 27. Qxe6 Nxf3+ 28. Kh1) 26... Nxf3+ $19 27. Kh1 Ne5 (27... Nf4 28. Nh5 Nxh5 29. Qxh5 $17) 28. Nxh5 Qf3+ 29. Kg1 Qxh5 30. h3 Rxb2 31. Qe7 Qg6+ ({Weaker is} 31... Qxh3 32. Qxg7#) (31... Nf3+ $142 32. Kg2 Nh4+ 33. Qxh4 Qxh4 34. Rf1 Qxe4+ 35. Kg3 Qe5+ (35... Rxa2 $2 36. Rc5 $19) 36. Kg2 Qxc7 37. Kf3 Rxa2 38. h4 Qe5 39. Kg2 Qf4 40. Kh1 Ra3 (40... Rxf2 {gets mated.} 41. Rxf2 Qxf2 42. h5 Qe2 43. Kg1 d3 44. Kh1 d2 45. Kg1 d1=Q#) 41. Re1 Qxf2 (41... Qxh4+ {is a self mate.} 42. Kg1 Qg4+ 43. Kf1 Rh3 44. f4 Qf3+ 45. Kg1 Rh1#) 42. Re3 Ra1+ 43. Re1 Rxe1#) 32. Kf1 $19 Nd3 0-1

[Event "CCT Chessable Masters D-II 2024"]
[Site "Online"]
[Date "2024.02.06"]
[Round "6"]
[White "Keymer, Vincent"]
[Black "LevonAronian"]
[Result "1-0"]
[ECO "D02"]
[WhiteElo "2743"]
[BlackElo "2758"]
[Annotator "TA"]
[PlyCount "99"]
[EventDate "2024.01.12"]
[EventType "k.o."]
[EventCountry "NET"]
[SourceTitle "playchess.com"]
[Source "ChessBase"]
[SourceQuality "1"]
[TimeControl "600+2"]

1. d4 Nf6 2. Nf3 g6 3. Nbd2 d5 4. b3 Bg7 5. Bb2 Ne4 6. e3 {[%emt 0:00:09] D02: 1 d4 d5 2 Nf3 sidelines, including 2...Nf6 3 g3 and 2...Nf6 3 Bf4.} c5 7. Bd3 Nxd2 8. Qxd2 Nc6 9. h3 O-O 10. O-O Qc7 11. c4 $146 ({Predecessor:} 11. Rfd1 Rd8 12. Rac1 b6 13. c4 Nb4 14. cxd5 Nxd3 15. Qxd3 Rxd5 16. e4 Rd8 17. Qe2 {0-1 Crecente Penalba,J (2134)-Fernandez Barrera,V (2326) Almansa op 5th 2010 (5)}) 11... dxc4 12. bxc4 Na5 13. d5 Bxb2 14. Qxb2 f6 15. Nd2 Rb8 16. f4 Bd7 17. a4 b6 18. f5 gxf5 19. Bxf5 Rf7 20. e4 Rg7 (20... Bxf5 $142 21. Rxf5 Qg3) 21. e5 $1 $16 fxe5 22. Bxd7 Qxd7 23. Qxe5 (23. Ra3 $142) 23... Qd6 $16 24. Qe2 Kh8 (24... Rf8 $142) 25. Ra3 Rbg8 (25... e6 $16 {was necessary.}) 26. Rf2 $18 e6 $2 {[%emt 0:00:57] [#]} (26... Qh6 {was called for.} 27. Re3 e6) 27. Ne4 $1 $18 ({Weaker is} 27. Qxe6 Qxe6 28. dxe6 Re8 $14) (27. dxe6 Nc6 $16) 27... Qe5 {[%emt 0:00:10] [#]} 28. Nf6 $1 Qxe2 29. Rxe2 Nxc4 30. Nxg8 Rxg8 (30... Nxa3 {might work better.} 31. Nf6 Nc2 32. Rxc2 exd5) 31. Rd3 $18 Rd8 32. Rxe6 Nb2 (32... Nd6 $142 33. Rf3 Kg8) 33. Rd2 (33. Rg3 $142 {Threatening mate with d6.} Nc4 34. d6 Nxd6 35. Rd3) 33... Nxa4 (33... Nc4 $142) 34. d6 $18 Kg7 35. Re7+ (35. d7 $142 Kf7 36. Re4) 35... Kf6 $18 36. Rxa7 Nc3 37. Rxh7 b5 38. Rc7 c4 39. d7 Ke7 40. h4 Na4 41. Rd5 (41. h5 $142 c3 42. Rd4) 41... Nc3 $18 42. Rd2 (42. Rdc5 $142) 42... Na4 $1 $18 43. h5 c3 44. Rd4 Ke6 45. h6 Ke5 46. Rd1 b4 47. Rc8 Rxd7 48. Rxd7 Nb6 49. h7 Nxd7 50. h8=Q+ 1-0

[Event "CCT Chessable Masters D-II 2024"]
[Site "Online"]
[Date "2024.02.03"]
[Round "51"]
[White "AnishGiri"]
[Black "Svidler, Peter"]
[Result "1-0"]
[ECO "A34"]
[WhiteElo "2735"]
[BlackElo "2689"]
[Annotator "TA"]
[PlyCount "83"]
[EventDate "2024.01.12"]
[EventType "k.o."]
[EventCountry "NET"]
[SourceTitle "playchess.com"]
[Source "ChessBase"]
[SourceQuality "1"]
[TimeControl "600+2"]

1. Nf3 c5 2. c4 Nc6 3. Nc3 e5 4. e3 Nf6 5. d4 e4 6. d5 exf3 7. dxc6 bxc6 8. e4 {[%emt 0:00:19] White is slightly better.} Qc7 9. gxf3 Bd6 10. Be3 O-O 11. Qd2 Re8 (11... Be5 $5) 12. O-O-O Be5 13. Rg1 $36 {[%emt 0:00:13][%mdl 2048] Threatens to win with f4. White has some pressure.} g6 14. Rg5 d6 {[%emt 0:01:02][%cal Oc8e6] [#]} 15. Bf4 $1 Qe7 16. Bxe5 dxe5 17. Qd6 h6 18. Rg1 {[%emt 0:00:33] White is much more active.} (18. Qxc6 $2 {too greedy.} Bb7 $19) 18... Kg7 19. Qxe7 (19. Qxc6 {keeps more tension.} Be6 20. Qd6 Qb7 21. Qxc5 Rac8 22. Qb5) 19... Rxe7 20. Na4 Nd7 (20... Rd7 $142) 21. Rd6 $16 Re6 22. Rxe6 fxe6 23. h4 Kf6 24. b3 Bb7 25. Kd2 Rg8 26. Bh3 g5 27. hxg5+ Rxg5 28. Rxg5 hxg5 {[%emt 0:00:02][%mdl 4096] Endgame. KBN-KBN} 29. Kc3 a5 (29... Bc8 $142) 30. Nb2 ({Better is} 30. Kb2) 30... Ke7 31. Nd1 Kd6 32. Ne3 Nf6 33. Bg4 Bc8 34. Kb2 {[%emt 0:00:02] And now Ka3 would win.} Bd7 35. Ka3 Kc7 36. Nd1 {[%emt 0:00:01] [#] aiming for Ka4.} Ng8 $2 {[%emt 0:00:07][%mdl 8192] This costs Black the game.} (36... Be8 $1 $14) 37. Nb2 Ne7 38. Nd3 Kd6 $2 (38... Ng6 39. Nxc5 Bc8) 39. Ka4 $18 Ng6 40. Kxa5 Nf4 41. Nxf4 exf4 42. Kb6 {[%emt 0:00:00] Weighted Error Value: White=0.09 (flawless) /Black=0.53.  Loses game:     	---       	Black=1      Mistake:       	White=1     	Black=3      Inaccurate:     	---       	Black=3      OK:         	White=12    	Black=9      Best:        	White=2     	Black=3      Strong:       	White=1     	---} 1-0

[Event "CCT Chessable Masters D-II 2024"]
[Site "Online"]
[Date "2024.02.03"]
[Round "51"]
[White "Yu, Yangyi"]
[Black "Micki-taryan"]
[Result "1/2-1/2"]
[ECO "A20"]
[WhiteElo "2720"]
[BlackElo "2620"]
[Annotator "TA"]
[PlyCount "85"]
[EventDate "2024.01.12"]
[EventType "k.o."]
[EventCountry "NET"]
[SourceTitle "playchess.com"]
[Source "ChessBase"]
[SourceQuality "1"]
[TimeControl "600+2"]

1. c4 e5 2. a3 Nf6 3. d3 d5 4. cxd5 Nxd5 5. Nf3 Nc6 6. e3 {[%emt 0:00:00] A20: English Opening: 1...e5.} a5 7. b3 g5 8. Bb2 Bg7 9. d4 $146 ({Predecessor:} 9. Qc2 O-O 10. Nc3 g4 11. Nd2 Nde7 12. Be2 Ng6 13. h3 g3 14. fxg3 f5 15. Nc4 {0-1 Erigaisi,A (2567)-Martirosyan,H (2632) Junior Speed Final blitz 2021 (2.12)}) 9... exd4 10. Nxd4 Nxd4 (10... Nf4 {is more complex.} 11. Nxc6 Qxd1+ 12. Kxd1 Bxb2 13. Ra2 Bf6) 11. Bxd4 Bxd4 12. Qxd4 Qf6 13. Qxf6 Nxf6 14. Nd2 Be6 15. Bc4 Bxc4 16. Nxc4 Ke7 17. Ke2 Rhd8 18. Rac1 Rd5 19. f3 Rb5 20. Nd2 c6 21. Rc4 h5 22. Rhc1 Rd8 23. Rc5 Rd5 24. Rxb5 Rxb5 25. a4 Re5 26. g3 Nd7 27. f4 gxf4 $1 28. gxf4 Rc5 29. Rc4 f5 30. e4 b5 31. Rd4 Nf6 32. axb5 cxb5 33. b4 axb4 34. Rxb4 fxe4 35. Nxe4 Nxe4 36. Rxe4+ Kf6 37. Rb4 Kf5 38. Kf3 h4 39. h3 $1 Rc3+ 40. Kg2 Rc5 41. Kf3 $1 Rc3+ 42. Kg2 $1 Rc5 43. Kf3 1/2-1/2

[Event "CCT Chessable Masters D-II 2024"]
[Site "Online"]
[Date "2024.02.03"]
[Round "51"]
[White "Svidler, Peter"]
[Black "AnishGiri"]
[Result "1-0"]
[ECO "A01"]
[WhiteElo "2689"]
[BlackElo "2741"]
[Annotator "TA"]
[PlyCount "67"]
[EventDate "2024.01.12"]
[EventType "k.o."]
[EventCountry "NET"]
[SourceTitle "playchess.com"]
[Source "ChessBase"]
[SourceQuality "1"]
[TimeControl "600+2"]

1. b3 d5 2. Bb2 Nf6 3. e3 c5 4. Bb5+ Bd7 5. Bxd7+ Nbxd7 6. f4 g6 7. c4 dxc4 8. bxc4 {[%emt 0:00:02] The position is equal.} Bg7 9. Nf3 O-O 10. O-O a6 11. a4 b6 12. Qe2 Qc7 13. Nc3 e6 14. Rab1 Rab8 15. g3 Ne8 16. e4 Qc6 (16... Bd4+ $11 17. Nxd4 cxd4) 17. e5 $16 {[%emt 0:00:10] White stays focused until the end.} Nc7 18. Ba1 f6 (18... Rfd8 $142) 19. exf6 Bxf6 20. Ne4 Bxa1 21. Rxa1 b5 22. axb5 axb5 23. Ne5 Nxe5 24. fxe5 {[%emt 0:00:00] Threatens to win with Nf6+.} bxc4 25. Nf6+ (25. Qxc4 Rxf1+ 26. Rxf1 Ne8 27. Qxc5 (27. Nxc5 Ng7 $16) 27... Qxc5+ 28. Nxc5 Rb6) 25... Kg7 26. Qg4 {[%emt 0:01:05][%cal Og4h4] Black must now prevent Qh4! White has more active pieces.} (26. Qxc4 Rb4 27. Qd3 Rb7 $16) 26... Kh8 $2 (26... Nd5 $16) 27. Qh4 ({Not} 27. Qxc4 Rf7 28. Rfc1 Nd5 $16) 27... Rf7 28. Ne4 $2 (28. Qxc4 Nb5 $16) (28. Qh6 $1 {mates} Rbf8 29. Rf4 Rg8 30. Nxg8 Qe8 31. Rxf7 Qxf7 32. Nf6 Qg7 33. Qxg7+ Kxg7 34. Ra7) 28... Rbf8 $2 (28... Rg7 $16) 29. Rxf7 $18 Rxf7 {[%emt 0:00:01] [#]} 30. Qd8+ $1 Kg7 {[%emt 0:00:05] [#]} 31. Ng5 ({And not} 31. Nd6 Rf8 32. Qh4 c3 33. Qe7+ (33. dxc3 Qf3 $11) 33... Kg8 34. dxc3 Qf3 35. Qxc7 Qxc3 $11 (35... Qf2+ 36. Kh1 $11)) 31... Rd7 32. Qf6+ {[%emt 0:00:03] White mates.} Kg8 33. Rf1 Qa8 34. Nxe6 {[%emt 0:00:09] Weighted Error Value: White=0.20 (precise) /Black=0.59.  Loses game:     	---       	Black=1      Mistake:       	---       	Black=2      Inaccurate:     	---       	Black=2      OK:         	White=13    	Black=10     Best:        	White=1     	Black=1} 1-0

[Event "CCT Chessable Masters D-II 2024"]
[Site "Online"]
[Date "2024.02.03"]
[Round "51"]
[White "tptagain"]
[Black "Vokhidov, Shamsiddin"]
[Result "1-0"]
[ECO "D38"]
[WhiteElo "2652"]
[BlackElo "2596"]
[Annotator "ChessBase"]
[PlyCount "91"]
[EventDate "2024.01.12"]
[EventType "k.o."]
[EventCountry "NET"]
[SourceTitle "playchess.com"]
[Source "ChessBase"]
[SourceQuality "1"]
[TimeControl "600+2"]

1. d4 Nf6 2. c4 e6 3. Nf3 d5 4. Nc3 Bb4 5. cxd5 exd5 6. Bf4 Ne4 7. Rc1 Nd7 8. Nd2 Nxc3 9. bxc3 Ba3 10. Rb1 Nb6 11. e3 Bf5 12. Rb3 Bd6 13. Qf3 Bg6 14. h4 h5 15. Be2 Qf6 16. Bxd6 Qxd6 17. c4 c5 18. Rb5 Rc8 19. Nb3 Nxc4 20. dxc5 Qd7 21. Nd4 O-O 22. Bxc4 dxc4 23. O-O Rc7 24. Rc1 Rfc8 25. c6 bxc6 26. Rc5 Bd3 27. Qxh5 Qd6 28. Nf5 Qf6 29. Qg4 Rb8 30. Nxg7 Kf8 31. Nh5 Qb2 32. R1xc4 Bxc4 33. Rxc4 c5 34. Qf4 Rc6 35. g4 Rb4 36. Rxb4 Qxb4 37. Qg5 Qd2 38. Qg7+ Ke7 39. Qe5+ Kd7 40. Nf6+ Rxf6 41. Qxf6 Qd1+ 42. Kh2 Qd6+ 43. Qxd6+ Kxd6 44. h5 Ke7 45. Kg2 c4 46. Kf1 1-0

[Event "CCT Chessable Masters D-II 2024"]
[Site "Online"]
[Date "2024.02.03"]
[Round "51"]
[White "Mamedov, Rauf"]
[Black "shimastream"]
[Result "1/2-1/2"]
[ECO "A11"]
[WhiteElo "2651"]
[BlackElo "2632"]
[Annotator "ChessBase"]
[PlyCount "56"]
[EventDate "2024.01.12"]
[EventType "k.o."]
[EventCountry "NET"]
[SourceTitle "playchess.com"]
[Source "ChessBase"]
[SourceQuality "1"]
[TimeControl "600+2"]

1. Nf3 d5 2. g3 Bg4 3. Bg2 Nd7 4. h3 Bh5 5. O-O e6 6. d3 Ngf6 7. c4 c6 8. Nc3 Be7 9. cxd5 exd5 10. g4 Bg6 11. Nh4 Bc5 12. d4 Bb4 13. Qb3 Qe7 14. g5 Nh5 15. Nxg6 hxg6 16. e4 dxe4 17. Nxe4 Nb6 18. a3 Ba5 19. Ng3 O-O-O 20. Nxh5 Rxh5 21. Bf3 Rxg5+ 22. Bxg5 Qxg5+ 23. Bg2 Nd5 24. Qg3 Qf6 25. Qe5 Qh4 26. Qg3 Qf6 27. Qe5 Qh4 28. Qg3 Qf6 1/2-1/2

[Event "CCT Chessable Masters D-II 2024"]
[Site "Online"]
[Date "2024.02.03"]
[Round "51"]
[White "shimastream"]
[Black "Mamedov, Rauf"]
[Result "0-1"]
[ECO "D30"]
[WhiteElo "2634"]
[BlackElo "2651"]
[Annotator "ChessBase"]
[PlyCount "70"]
[EventDate "2024.01.12"]
[EventType "k.o."]
[EventCountry "NET"]
[SourceTitle "playchess.com"]
[Source "ChessBase"]
[SourceQuality "1"]
[TimeControl "600+2"]

1. d4 d5 2. c4 e6 3. Nf3 c5 4. cxd5 exd5 5. g3 Nc6 6. Bg2 Nf6 7. O-O Be7 8. dxc5 Bxc5 9. a3 Ne4 10. b4 Be7 11. Bb2 Bf6 12. Qb3 O-O 13. Nbd2 Be6 14. Rad1 Qe7 15. Bxf6 Qxf6 16. b5 Ne7 17. Qb4 Nc3 18. Rde1 Rfc8 19. Nd4 a5 20. bxa6 Nc6 21. Nxc6 bxc6 22. e4 d4 23. f4 c5 24. Qb6 Qd8 25. Qxd8+ Rxd8 26. e5 Rxa6 27. f5 Ba2 28. Rf2 d3 29. Bh3 Bd5 30. e6 Re8 31. Bf1 c4 32. Rf4 fxe6 33. Nxc4 Bxc4 34. Rxc4 d2 35. Rxe6 Raxe6 0-1

[Event "CCT Chessable Masters D-II 2024"]
[Site "Online"]
[Date "2024.02.03"]
[Round "51"]
[White "Micki-taryan"]
[Black "Yu, Yangyi"]
[Result "1/2-1/2"]
[ECO "D19"]
[WhiteElo "2623"]
[BlackElo "2720"]
[Annotator "TA"]
[PlyCount "107"]
[EventDate "2024.01.12"]
[EventType "k.o."]
[EventCountry "NET"]
[SourceTitle "playchess.com"]
[Source "ChessBase"]
[SourceQuality "1"]
[TimeControl "600+2"]

1. d4 d5 2. c4 c6 3. Nf3 Nf6 4. Nc3 dxc4 5. a4 Bf5 6. e3 e6 7. Bxc4 Bb4 8. O-O O-O 9. Qe2 Bg6 10. Ne5 Nbd7 11. Nxg6 hxg6 12. Rd1 Qe7 {[%emt 0:01:01] 12...Qc7 is the modern continuation.} 13. e4 {[%emt 0:00:51] D19: Slav Defence: 5 a4 Bf5 6 e3: Main line with 9 Qe2.} e5 14. d5 Rfd8 15. Bg5 Rac8 16. a5 Nc5 17. h4 $146 ({Predecessor:} 17. g3 Bxc3 18. bxc3 cxd5 19. Bxd5 Ne6 20. Bxf6 gxf6 21. Qf3 Kg7 22. h4 Rc7 23. Kg2 {1-0 Hensel,O (2300)-Zawadski,A (2132) W-ch WS/M/403 email 2012}) 17... Bxc3 18. bxc3 cxd5 (18... Ncxe4 $2 19. Qxe4 Nxe4 20. Bxe7 $18) 19. Bxd5 Ne6 20. Be3 Rxc3 21. Qb2 Nxd5 22. exd5 Nd4 $1 23. Bxd4 exd4 24. Rxd4 Rc5 25. Qd2 Rd6 26. Rd1 (26. Rc1 $1 $11 Qc7 27. Rxc5 Qxc5 28. g3) 26... Qd8 27. Re1 $2 (27. a6 $15 bxa6 28. Qb4) 27... Rcxd5 $19 (27... Rxa5 28. Rde4 Raxd5 29. Qb4 $11) 28. Rxd5 Rxd5 29. Qb4 Rd1 (29... Qxa5 $2 {is the wrong capture.} 30. Re8+ Kh7 31. Qf8 Qa1+ (31... Rd1+ $2 32. Kh2 $18) 32. Kh2 $18) 30. Rxd1 Qxd1+ 31. Kh2 Qd5 32. g3 Kh7 33. Kg1 Qd1+ (33... f6 $142 $1 34. a6 bxa6) 34. Kg2 (34. Kh2 $142) 34... Qd7 $1 $17 35. Qc5 $2 {[%emt 0:00:28][%mdl 8192] [#]} (35. Kg1 $17) 35... b6 $2 (35... Qc6+ $1 $19 {[%mdl 512] is more deadly.} 36. Qxc6 bxc6) 36. axb6 $17 Qb7+ 37. Kg1 Qxb6 38. Qe7 Qb1+ 39. Kg2 {[%emt 0:00:06] [#]} Qa2 $1 40. Qc5 (40. Qd7 $17 {is a better defense.}) 40... a5 ({Black should try} 40... a6 $19 41. h5 gxh5 42. Qxh5+ Kg8) 41. h5 $15 gxh5 (41... Qa4 $15) 42. Qxh5+ $11 Kg8 43. Qe5 $2 {[%emt 0:00:15] [#]} (43. Qd1 $11) 43... g6 $2 (43... Qa4 $1 $19 {...Qc6+ would now be deadly.} 44. Kh2 g6 45. Qb8+ Kh7) 44. Qd4 $1 $11 a4 45. Qd8+ Kh7 (45... Kg7 $5 46. Qd4+ $8 Kg8 $11) 46. Qh4+ Kg7 47. Qd4+ Kg8 48. Qd8+ Kg7 (48... Kh7 $5 49. Qh4+ $8 Kg7 50. Qd4+ f6 $11) 49. Qd4+ f6 50. Qd7+ Kh6 51. Qd8 Kg7 52. Qd7+ Kh6 53. Qd8 Kg7 54. Qd7+ 1/2-1/2